 Dungeon Crawl Stone Soup version 0.30-a0-1114-gd936c97349 (webtiles) character file.

Game seed: 6167551472069424883

189 lorenzova the Conjurer (level 5, -9/28 HPs)
             Began as a Deep Elf Conjurer on Apr 20, 2023.
             Mangled by an ogre
             ... wielding a +0 giant club
              (14 damage)
             ... on level 3 of the Dungeon.
             The game lasted 00:04:54 (2944 turns).

lorenzova the Conjurer (Deep Elf Conjurer)          Turns: 2944, Time: 00:04:54

Health: -9/28      AC:  2    Str:  4    XL:     5   Next: 40%
Magic:  11/15      EV: 13    Int: 25    God:
Gold:   102        SH:  0    Dex: 19    Spells: 12/15 levels left

rFire   . . .      SeeInvis .    i - +2 short sword (venom)
rCold   . . .      Faith    .    (no shield)
rNeg    . . .      Spirit   .    a - +0 robe
rPois   .          Reflect  .    (no helmet)
rElec   .          Rampage  .    (no cloak)
rCorr   .                        (no gloves)
Will    .....                    (no boots)
Stlth   ++                       (no amulet)
HPRegen 0.24/turn                l - +6 ring of dexterity
MPRegen 0.14/turn                (no ring)

@: no status effects
A: no striking features
a: no special abilities


You were on level 3 of the Dungeon.
You visited 1 branch of the dungeon, and saw 3 of its levels.

You collected 102 gold pieces.

Inventory:

Hand Weapons
 i - a +2 short sword of venom (weapon)
Armour
 a - a +0 robe (worn)
Jewellery
 l - a +6 ring of dexterity (left hand)
Scrolls
 d - a scroll of torment {unknown}
 f - a scroll of immolation {unknown}
 h - a scroll of magic mapping {unknown}
 j - 2 scrolls of enchant weapon {unknown}
 k - a scroll of vulnerability {unknown}
 m - a scroll of identify {unknown}
 p - a scroll of teleportation {unknown}
 q - a scroll of fog {unknown}
Potions
 b - 2 potions of magic
 c - 3 potions of haste {unknown}
 e - 2 potions of heal wounds {unknown}
 g - a potion of mutation {unknown}
 n - a potion of invisibility {unknown}
 o - a potion of might {unknown}
 r - a potion of curing {unknown}


   Skills:
 - Level 2.4 Dodging
 - Level 2.4 Stealth
 + Level 5.8 Spellcasting
 + Level 6.1 Conjurations


You had 12 spell levels left.
You knew the following spells:

 Your Spells              Type           Power      Damage    Failure   Level
a - Magic Dart            Conj           100%       1d8       1%          1
b - Searing Ray           Conj           74%        2d7       1%          2

Your spell library contained the following spells:

 Spells                   Type           Power      Damage    Failure   Level
 Dazzling Flash           Conj/Hex       44%        N/A       6%          3
 Stone Arrow              Conj/Erth      44%        3d9       6%          3
 Sandblast                Erth           14%        2d6       8%          1
 Passwall                 Tmut/Erth      5%         N/A       12%         2
 Fulminant Prism          Conj/Hex       11%        3d8       22%         4
 Iskenderun's Mystic Bla  Conj/Tloc      22%        2d6       22%         4


Dungeon Overview and Level Annotations

Branches:
Dungeon (3/15)

Altars:


Message History

Aim: a kobold, wielding a +0 club (asleep, 100% to hit)
The magic dart hits the kobold.
You kill the kobold!
Casting: Magic Dart (safe; 1% risk of failure)
Confirm with . or Enter, or press ? or * to list all spells.
You can't see any susceptible monsters within range! (Use Z to cast anyway.)
You start resting.
Magic restored.
Casting: Magic Dart (safe; 1% risk of failure)
Confirm with . or Enter, or press ? or * to list all spells.
You can't see any susceptible monsters within range! (Use Z to cast anyway.)
You see here a +0 flail.
Items here: )) [ ††.
You now have 89 gold pieces (gained 10).
You now have 102 gold pieces (gained 13).
Items here: )) [ ††.
An ogre comes into view. It is wielding a +0 giant club.
An ogre is nearby!
An ogre is nearby!
The ogre shouts!
There is a stone staircase leading down here.
Casting: Magic Dart (safe; 1% risk of failure)
Confirm with . or Enter, or press ? or * to list all spells.
Aiming: Searing Ray (safe; 1% risk of failure)
Press: ? - help, Shift-Dir - straight line, f - ogre
Aim: an ogre, wielding a +0 giant club (91% to hit)
The searing ray hits the ogre.
The ogre is lightly wounded. (Press . to maintain the ray.) Unknown command.
The searing ray hits the ogre!
The ogre is heavily wounded.
The ogre hits you with a +0 giant club!!
Ouch! That really hurt!
* * * LOW HITPOINT WARNING * * *
The searing ray hits the ogre!
The ogre is almost dead.
The ogre hits you with a +0 giant club!
Ouch! That really hurt!
You die...

+. #. ##. #. #.)
#. #.# ## #.
#.##### .. #.
###.....# .
####.#.##.......#
..
.$.....O........#
#.
########@.......#
# #........#
####.##### ##.#
##).#
#####.)#######
##.....##.....##
##..............##
#................#


You could see an ogre.

Vanquished Creatures
  An orc priest (D:3)
  An orc wizard (D:3)
  5 adders
  4 gnolls (D:3)
  A worm (D:2)
  3 dart slugs (D:2)
  An orc (D:3)
  3 endoplasms
  4 goblins
  3 hobgoblins
  2 quokkas
  4 ball pythons
  5 bats
  4 frilled lizards
  4 kobolds
  7 rats
52 creatures vanquished.

Notes
Turn   | Place    | Note
-------+----------+-------------------------------------------
     0 | D:1      | lorenzova the Deep Elf Conjurer began the quest for the
                  | Orb.
     0 | D:1      | Reached XP level 1. HP: 10/10 MP: 6/6
   605 | D:1      | Reached XP level 2. HP: 15/15 MP: 5/8
   608 | D:1      | Learned a level 2 spell: Searing Ray
  1147 | D:2      | Found a faded altar of an unknown god.
  1437 | D:2      | Reached skill level 5 in Conjurations
  1437 | D:2      | Reached XP level 3. HP: 19/19 MP: 6/10
  2385 | D:3      | Reached XP level 4. HP: 19/24 MP: 6/12
  2579 | D:3      | Reached skill level 5 in Spellcasting
  2829 | D:3      | Reached XP level 5. HP: 22/28 MP: 10/15
  2837 | D:3      | Reached skill level 6 in Conjurations
  2940 | D:3      | Noticed an ogre
  2944 | D:3      | Mangled by an ogre

Illustrated notes

Levels and vault maps discovered:
D:1:      minmay_arrival_floating_metal, layout_loops_ring
D:2:      layout_loops_corners, ebering_ecumenical_altar_webs
D:3:      layout_rooms, grunt_temple_overflow_growth_and_decay,
          minmay_misc_feat_rugged, serial_bayou_pond_b, interstate_on_off

Skill      XL: |  1  2  3  4  5 |
---------------+----------------+-----
Spellcasting   | 4 5 |  5.8
Conjurations   | 5 6 |  6.1
Dodging        | |  2.4
Stealth        | |  2.4

Action                     |  1- 3 |  4- 6 || total
---------------------------+-------+-------++-------
   Cast: Magic Dart        |    71 |    27 ||    98
         Searing Ray       |       |     7 ||     7
 Armour: Robe              |       |     3 ||     3
  Dodge: Dodged            |     1 |     3 ||     4

Table legend: (Time is in decaauts)
 A = Elapsed time spent in this place.
 B = Non-inter-level travel time spent in this place.
 C = Inter-level travel time spent in this place.
 D = Time resting spent in this place.
 E = Time spent auto-exploring this place.
 F = Levels seen in this place.
 G = Mean time per level.
                   A        B        C        D        E       F      G
               +--------+--------+--------+--------+--------+-----+--------+
         Total |   2963 |   2872 |     91 |   1176 |   1413 |   3 |  987.7 |
       Dungeon |   2963 |   2872 |     91 |   1176 |   1413 |   3 |  987.7 |
               +--------+--------+--------+--------+--------+-----+--------+

Top non-repeatable levels by time:
     D:2: 1394 daAuts
     D:1: 1002 daAuts
     D:3: 567 daAuts
